 Dungeon Crawl Stone Soup version 0.17-a0-2101-g0c122e7 (webtiles) character file.

92586 brucemayne the Executioner (level 16, -39/207 HPs)
             Began as a Hill Orc Berserker on Oct 18, 2015.
             Was a Priest of Trog.
             Annihilated by an azure jelly (40 damage)
             ... created by the royal jelly
             ... on level 6 of the Pits of Slime.
             The game lasted 00:58:52 (8870 turns).

brucemayne the Executioner (Hill Orc Berserker)     Turns: 8870, Time: 00:58:52

Health: -39/207    AC: 18    Str: 28    XL:     16   Next: 6%
Magic:  16/16      EV: 13    Int: 11    God:    Trog [***...]
Gold:   711        SH:  0    Dex: 10    Spells: 0 memorised, 15 levels left

rFire  + . .     SeeInvis .     D - +7 battleaxe (chop)
rCold  . . .     Clarity  .     H - +4 plate armour {rF+}
rNeg   . . .     SustAt   .     (no shield)
rPois  .         Gourm    .     i - +2 helmet
rElec  .         Spirit   .     (no cloak)
rCorr  +         Warding  .     r - +0 pair of gloves
rMut   .         Stasis   .     o - +0 pair of boots
MR     +....                    q - amulet of resist corrosion
Stlth  ..........               K - +2 ring of slaying
                                L - +3 ring of evasion

@: berserking, corroded equipment, very quick, somewhat resistant to hostile
enchantments, extremely unstealthy
A: mutation resistance 1
a: Burn Spellbooks, Berserk, Trog's Hand, Renounce Religion


You were on level 6 of the Pits of Slime.
You worshipped Trog.
Trog was most pleased with you.
You were not hungry.

You visited 4 branches of the dungeon, and saw 31 of its levels.
You also visited: Ice Cave.

You collected 1818 gold pieces.
You spent 1107 gold pieces at shops.

Inventory:

Hand Weapons
 a - a +4 antimagic battleaxe
 D - a +7 battleaxe of chopping (weapon)
Missiles
 b - 6 javelins (quivered)
Armour
 i - a +2 helmet (worn)
 o - a +0 pair of boots (worn)
 r - a +0 pair of gloves (worn)
 H - a +4 plate armour of fire resistance (worn)
Jewellery
 q - an amulet of resist corrosion (around neck)
 K - a +2 ring of slaying (right hand)
 L - a +3 ring of evasion (left hand)
 X - an uncursed ring of positive energy
Wands
 h - a wand of fireball (6)
 k - a wand of teleportation (2)
 l - a wand of cold (0)
 p - a wand of digging (6)
 t - a wand of fire (0)
 v - a wand of teleportation (4)
 F - a wand of invisibility (7)
 V - a wand of disintegration (10)
Scrolls
 f - 3 scrolls of recharging
 m - 6 scrolls of teleportation
 G - a scroll of magic mapping
 P - a scroll of enchant weapon
 Q - a scroll of remove curse
 R - a scroll of blinking
Potions
 d - a potion of magic
 j - 4 potions of curing
 s - a potion of flight {unknown}
 u - 2 potions of heal wounds
 x - a potion of lignification {unknown}
 z - 2 potions of poison {unknown}
 E - 2 potions of mutation
 S - a potion of cure mutation {unknown}
Miscellaneous
 T - an ornate deck of defence
Comestibles
 c - 4 bread rations
 g - 5 meat rations


   Skills:
 - Level 11.5 Fighting
 - Level 26.0 Axes
 + Level 13.2 Armour
 + Level 5.3 Dodging


You had 15 spell levels left.
You didn't know any spells.

Dungeon Overview and Level Annotations

Branches:
Dungeon (13/15)              Lair (8/8) D:11         Shoals (0/4) Lair:5
 Spider (0/4) Lair:5        Slime (6/6) Lair:8          Orc (4/4) D:11
 Temple: D:4-7          Elf: Orc:3-4     Vaults: D:13-14

Altars:
Elyvilon
Gozag
Vehumet
Xom
Beogh
Jiyva

Shops:
D:6 (   D:9 =   Orc:4 !(*=

Annotations:
Lair:7 exclusion: oklob plant
Slime:6 Royal Jelly


Innate Abilities, Weirdness & Mutations

You are somewhat resistant to further mutation.


Message History

The royal jelly is heavily wounded.
You hit the azure jelly but do no damage.
The azure jelly is moderately wounded.
You slice the acid blob!!
You kill the acid blob!
That felt strangely unrewarding.
The royal jelly hits you but does no damage.
The royal jelly closely misses you.
Unknown command.
You slash the royal jelly!
Your hands burn!
* * * LOW HITPOINT WARNING * * *
The royal jelly is heavily wounded.
You slash the azure jelly!
The azure jelly is heavily wounded.
The royal jelly shudders.
The royal jelly spits out another jelly.
The azure jelly hits you!
* * * LOW HITPOINT WARNING * * *
The azure jelly freezes you!!!
You die...

.....## #..# ....## ##.#
....... ...## #..# .......
..## #.## ....... ..# #..#
...J... ..# ##.# .......
..########..########.......
..#...#.......J#JJJ#.......
....#...#.._.#JJ@#.........
..########..########.......
..# ##.# ....... ..# #..#
....... ..# #.## .......
... #..# ....... ... ##.#
....... ... #..# .......
....####.#####.


You could see the royal jelly, 2 acid blobs, an azure jelly and 2 death oozes.

Vanquished Creatures
  Saint Roka (Orc:4)
  9 acid blobs
  Gastronok (Lair:3)
  Maud (Orc:2)
  10 azure jellies
  A dire elephant (Lair:8)
  4 death oozes (Slime:6)
  The ghost of septik the Basher, a journeyman MiBe of Trog (IceCv)
  3 great orbs of eyes (Slime:6)
  A hydra (Lair:7)
  A catoblepas (Lair:8)
  10 death yaks
  A deep troll shaman (Lair:8)
  4 orc high priests (Orc:4)
  Urug (Orc:2)
  2 ice devils (IceCv)
  An ice statue (IceCv)
  3 shining eyes
  Pikel (D:9)
  3 orc knights (Orc:4)
  A hill giant (D:10)
  4 orc sorcerers
  22 elephants
  3 black mambas
  A griffon (Lair:7)
  An eye of devastation (Slime:6)
  16 spiny frogs
  A gargoyle (D:12)
  2 komodo dragons
  5 blue devils (IceCv)
  A fire drake (Lair:6)
  4 polar bears
  13 blink frogs
  5 trolls
  4 two-headed ogres (Orc:4)
  25 slime creatures
  29 yaks
  A deep elf mage (D:12)
  A wyvern (Lair:7)
  3 hippogriffs
  8 golden eyes
  4 wolves (Lair:8)
  4 wargs
  A steam dragon (D:12)
  11 water moccasins
  7 porcupines
  3 eyes of draining
  A wasp (D:12)
  2 black bears
  2 necrophages
  10 ogres
  33 orc warriors
  2 sky beasts (D:5)
  A big kobold (D:11)
  13 crocodiles
  6 giant frogs
  A wyvern skeleton (D:8)
  5 killer bees (D:8)
  A crimson imp (D:5)
  2 centaur zombies
  6 jellies
  A giant frog skeleton (D:7)
  2 hounds
  32 orc priests
  3 worker ants
  3 iguanas
  20 orc wizards
  14 sheep
  3 hound skeletons
  Robin (D:2)
  31 river rats
  4 adders
  21 white imps
  3 ufetubi (IceCv)
  194 orcs
  3 giant cockroaches
  4 hobgoblins (D:2)
  16 jackals
  4 kobolds
  2 ball pythons
  4 bats
  A giant cockroach zombie (D:6)
  5 giant newts
  10 goblins
  A quokka (D:4)
  2 rats (D:1)
  5 fungi
  7 plants
720 creatures vanquished.

Vanquished Creatures (collateral kills)
  4 acid blobs (Slime:6)
  A death ooze (Slime:6)
  A hydra (Lair:7)
  4 slime creatures (Slime:6)
  4 wolves (Lair:7)
  A water moccasin (Lair:7)
  A crocodile (Lair:7)
16 creatures vanquished.

Vanquished Creatures (others)
  5 ufetubi (IceCv)
  5 fungi
  9 plants
19 creatures vanquished.

Grand Total: 755 creatures vanquished

Notes
Turn   | Place    | Note
--------------------------------------------------------------
     0 | D:1      | brucemayne the Hill Orc Berserker began the quest for the Orb.
     0 | D:1      | Reached XP level 1. HP: 19/19 MP: 1/1
    45 | D:1      | Reached XP level 2. HP: 26/26 MP: 2/2
   166 | D:1      | Reached skill level 5 in Axes
   275 | D:2      | Noticed Robin
   286 | D:2      | Reached ** piety under Trog
   296 | D:2      | Reached XP level 3. HP: 22/31 MP: 3/3
   315 | D:2      | Killed Robin
   349 | D:2      | Reached skill level 6 in Axes
   397 | D:2      | Reached XP level 4. HP: 21/39 MP: 4/4
   640 | D:5      | Entered Level 5 of the Dungeon
   689 | D:5      | Reached skill level 7 in Axes
   690 | D:5      | Reached XP level 5. HP: 39/45 MP: 5/5
   775 | D:5      | Reached skill level 8 in Axes
   803 | D:5      | Noticed a sky beast
   826 | D:5      | Noticed a sky beast
   832 | D:5      | Killed a sky beast
   832 | D:5      | Reached skill level 9 in Axes
   832 | D:5      | Reached XP level 6. HP: 51/51 MP: 6/6
   857 | D:6      | Found Epowen's Antique Weapon Shop.
   874 | D:5      | Noticed an ogre
   892 | D:5      | Killed a sky beast
   898 | D:5      | Killed an ogre
   898 | D:5      | Reached skill level 10 in Axes
   898 | D:5      | Reached XP level 7. HP: 57/57 MP: 7/7
  1149 | D:7      | Reached skill level 11 in Axes
  1164 | D:7      | Found a white marble altar of Elyvilon.
  1243 | D:7      | Reached XP level 8. HP: 44/64 MP: 8/8
  1321 | D:8      | Reached skill level 12 in Axes
  1321 | D:8      | Reached *** piety under Trog
  1431 | D:9      | Found a roughly hewn altar of Beogh.
  1522 | D:9      | Found Zukup's Jewellery Emporium.
  1546 | D:9      | Reached skill level 5 in Armour
  1562 | D:9      | Bought an uncursed amulet of resist corrosion for 220 gold pieces
  1567 | D:9      | Noticed Pikel
  1585 | D:9      | Killed Pikel
  1585 | D:9      | Reached skill level 5 in Fighting
  1585 | D:9      | Reached XP level 9. HP: 66/74 MP: 9/9
  1652 | D:8      | Found a radiant altar of Vehumet.
  1706 | D:10     | Entered Level 10 of the Dungeon
  1723 | D:10     | Found an opulent altar of Gozag.
  1744 | D:10     | Noticed a hill giant
  1773 | D:10     | Killed a hill giant
  1779 | D:10     | Reached skill level 13 in Axes
  1785 | D:10     | Reached skill level 14 in Axes
  1880 | D:11     | Found a staircase to the Lair.
  1977 | D:12     | Reached XP level 10. HP: 84/84 MP: 10/10
  2020 | D:12     | Reached skill level 15 in Axes
  2121 | D:12     | Noticed a gargoyle
  2131 | D:12     | Killed a gargoyle
  2189 | D:13     | Reached skill level 16 in Axes
  2236 | D:12     | Reached **** piety under Trog
  2293 | D:11     | Found a shimmering altar of Xom.
  2300 | D:11     | Found a staircase to the Orcish Mines.
  2313 | Orc:1    | Entered Level 1 of the Orcish Mines
  2428 | Orc:2    | Noticed an orc sorcerer
  2435 | Orc:2    | Killed an orc sorcerer
  2476 | Orc:2    | Reached skill level 17 in Axes
  2632 | Orc:1    | Reached ***** piety under Trog
  2668 | Orc:3    | Noticed an orc sorcerer
  2674 | Orc:3    | Noticed an ice devil
  2685 | Orc:3    | Killed an orc sorcerer
  2685 | Orc:3    | Reached XP level 11. HP: 43/91 MP: 11/11
  2741 | Orc:2    | Noticed Urug
  2752 | Orc:2    | Killed Urug
  2752 | Orc:2    | Reached skill level 18 in Axes
  2852 | Orc:2    | Noticed Maud
  2880 | Orc:2    | Killed Maud
  3034 | Orc:4    | Entered Level 4 of the Orcish Mines
  3095 | Orc:3    | Received a gift from Trog
  3167 | Orc:3    | Noticed an orc sorcerer
  3178 | Orc:3    | Killed an orc sorcerer
  3914 | Orc:4    | Reached skill level 19 in Axes
  3988 | Orc:4    | Reached XP level 12. HP: 62/104 MP: 12/12
  3992 | Orc:4    | Noticed Saint Roka
  4028 | Orc:4    | Killed Saint Roka
  4028 | Orc:4    | Reached skill level 20 in Axes
  4075 | Orc:4    | Found a roughly hewn altar of Beogh.
  4173 | Orc:4    | Noticed an orc high priest
  4180 | Orc:4    | Killed an orc high priest
  4230 | Orc:4    | Noticed an orc high priest
  4247 | Orc:4    | Killed an orc high priest
  4312 | Orc:4    | Noticed an orc high priest
  4344 | Orc:4    | Killed an orc high priest
  4346 | Orc:4    | Found Cewkiph's Distillery.
  4353 | Orc:4    | Bought a potion of heal wounds for 85 gold pieces
  4355 | Orc:4    | Bought a potion of resistance for 170 gold pieces
  4355 | Orc:4    | Bought a potion of haste for 170 gold pieces
  4386 | Orc:4    | Noticed an orc high priest
  4411 | Orc:4    | Found Alimynes's Weapon Emporium.
  4422 | Orc:4    | Killed an orc high priest
  4483 | Orc:4    | Reached skill level 21 in Axes
  4556 | Orc:4    | Noticed an orc knight
  4579 | Orc:4    | Killed an orc knight
  4630 | Orc:4    | Found a roughly hewn altar of Beogh.
  4630 | Orc:4    | Noticed an orc knight
  4642 | Orc:4    | Killed an orc knight
  4672 | Orc:4    | Found Dun Gen's Jewellery Boutique.
  4681 | Orc:4    | Found Saaqoc's General Store.
  4756 | Orc:4    | Noticed an orc knight
  4782 | Orc:4    | Killed an orc knight
  4825 | Orc:4    | Bought a +3 ring of evasion for 231 gold pieces
  4825 | Orc:4    | Bought a +2 ring of slaying for 231 gold pieces
  4961 | D:11     | Reached skill level 10 in Fighting
  4997 | Lair:1   | Entered Level 1 of the Lair of Beasts
  5100 | Lair:2   | Reached XP level 13. HP: 105/113 MP: 13/13
  5104 | Lair:2   | Received a gift from Trog
  5330 | Lair:3   | Reached skill level 10 in Armour
  5335 | Lair:3   | Noticed Gastronok
  5346 | Lair:3   | Killed Gastronok
  5757 | Lair:6   | Found a frozen archway.
  5779 | Lair:6   | Reached skill level 22 in Axes
  5807 | IceCv    | Entered an ice cave
  5865 | IceCv    | Noticed septik's ghost (journeyman MiBe)
  5878 | IceCv    | Killed septik's ghost
  6027 | IceCv    | Identified the Volume of Conjuration and Fire
  6314 | Lair:7   | Reached ****** piety under Trog
  6321 | Lair:7   | Reached skill level 23 in Axes
  6326 | Lair:7   | Reached XP level 14. HP: 78/121 MP: 14/14
  6402 | Lair:7   | Received a gift from Trog
  6508 | Lair:8   | Entered Level 8 of the Lair of Beasts
  6557 | Lair:7   | Got a steaming garnet amulet
  6655 | Lair:8   | Reached skill level 24 in Axes
  6860 | Lair:8   | Identified the amulet "Faidim" {Inacc Int+7 Dex+2} (You found it on level 7 of the Lair of Beasts)
  7139 | Lair:8   | Reached skill level 25 in Axes
  7331 | Lair:6   | Received a gift from Trog
  7536 | Lair:7   | Reached XP level 15. HP: 37/126 MP: 15/15
  7765 | Lair:8   | Found a runed door.
  7766 | Lair:8   | Found a viscous altar of Jiyva.
  7766 | Lair:8   | Found a staircase to the Slime Pits.
  7766 | Lair:8   | Noticed an acid blob
  7767 | Lair:8   | Noticed an acid blob
  7803 | Lair:8   | Killed an acid blob
  7808 | Lair:8   | Killed an acid blob
  7846 | Lair:8   | Gained mutation: You are somewhat resistant to further mutation. [potion of mutation]
  7850 | Slime:1  | Entered Level 1 of the Pits of Slime
  7860 | Slime:1  | Reached skill level 26 in Axes
  7862 | Slime:1  | Noticed an acid blob
  7868 | Slime:1  | Killed an acid blob
  7901 | Slime:2  | Noticed an azure jelly
  7911 | Slime:2  | Killed an azure jelly
  7916 | Slime:3  | Noticed an azure jelly
  7916 | Slime:3  | Noticed an azure jelly
  7924 | Slime:3  | Killed an azure jelly
  7925 | Slime:3  | Killed an azure jelly
  7991 | Slime:3  | Noticed an azure jelly
  7997 | Slime:3  | Killed an azure jelly
  8049 | Slime:4  | Noticed an acid blob
  8054 | Slime:4  | Noticed an azure jelly
  8054 | Slime:4  | Killed an acid blob
  8117 | Slime:4  | Killed an azure jelly
  8182 | Slime:5  | Noticed an acid blob
  8221 | Slime:5  | Killed an acid blob
  8273 | Slime:6  | Entered Level 6 of the Pits of Slime
  8278 | Slime:6  | Noticed an acid blob
  8309 | Slime:6  | Killed an acid blob
  8425 | Slime:6  | Found a viscous altar of Jiyva.
  8426 | Slime:6  | Noticed the royal jelly
  8436 | Slime:6  | Received a gift from Trog
  8438 | Slime:6  | Noticed an acid blob
  8438 | Slime:6  | Noticed an azure jelly
  8438 | Slime:6  | Noticed an acid blob
  8438 | Slime:6  | Noticed an azure jelly
  8438 | Slime:6  | Noticed an azure jelly
  8438 | Slime:6  | Noticed an azure jelly
  8442 | Slime:6  | Noticed an acid blob
  8442 | Slime:6  | Killed an acid blob
  8444 | Slime:6  | Noticed an azure jelly
  8444 | Slime:6  | Noticed an acid blob
  8447 | Slime:6  | Killed an azure jelly
  8449 | Slime:6  | Noticed an acid blob
  8453 | Slime:6  | Noticed an azure jelly
  8454 | Slime:6  | Killed an azure jelly
  8454 | Slime:6  | Killed an acid blob
  8457 | Slime:6  | Killed an acid blob
  8460 | Slime:6  | Noticed an acid blob
  8460 | Slime:6  | Killed an acid blob
  8466 | Slime:6  | Killed an acid blob
  8471 | Slime:6  | Killed an azure jelly
  8481 | Slime:6  | Killed an acid blob
  8481 | Slime:6  | Reached skill level 5 in Dodging
  8481 | Slime:6  | Reached XP level 16. HP: 57/138 MP: 16/16
  8486 | Slime:6  | Killed an azure jelly
  8587 | Slime:6  | Killed an azure jelly
  8864 | Slime:6  | Noticed an acid blob
  8866 | Slime:6  | Noticed an acid blob
  8869 | Slime:6  | Killed an acid blob
  8870 | Slime:6  | HP: 9/207 [acid (2)]
  8870 | Slime:6  | Noticed an acid blob
  8870 | Slime:6  | HP: 1/207 [azure jelly[the royal jelly] (8)]
  8870 | Slime:6  | Annihilated by an azure jelly

Vault maps used:
D:1:      lemuel_arrival_room
D:2:      uniq_robin
D:3:      kennysheep_big_flooded_room, minitemple, minmay_curled_crystal,
          uniq_terence
D:4:      overflow_temple_1_default, minmay_temple_entry_nine_rooms,
          first_bread, uniq_edmund
D:5:      okawaru_altar_gauntlet_db, nicolae_zen_rock_garden
D:6:      serial_shops, shop
D:7:      lemuel_upstairs_altar, lemuel_crystal_altar,
          nicolae_dithmenos_shadow_blocks, minivault_25, grunt_ogre_cave
D:8:      minmay_quarter_circles, vehumet_altar_wand_db,
          kennysheep_generic_room_4
D:9:      serial_shops, shop, bloody_trog, uniq_pikel
D:10:     basic_altar
D:11:     lair_0_dummy, orc_0_dummy, basic_altar, minivault_14
Lair:1:   minivault_19, lemuel_fruit_fields
Lair:2:   bobbens_dragon_lair_wall, bh_autumn_forest_stairs,
          serial_bayou_shore_b
Lair:3:   beast_lair_carwin_1, uniq_rupert, uniq_gastronok
Lair:5:   shoals_dummy_entry, nicolae_spider_entry_non_spiders,
          minmay_hedge_maze
Lair:6:   portal_ice_cave_entry_imps
Lair:7:   minmay_lair_oklob_tunnel, worms_lemuel
Lair:8:   grunt_lair_end_beastmaster, slime_altar_2, minivault_26
Slime:1:  basic_altar
Slime:4:  nicolae_slime_barrier
Orc:2:    uniq_maud, uniq_urug
Orc:3:    nicolae_orc_pool_cavern
Orc:4:    pubby_orc_utopia, serial_shops
IceCv:    ice_cave_small_demon

Action                   |  1- 3 |  4- 6 |  7- 9 | 10-12 | 13-15 | 16-18 || total
-------------------------+-------+-------+-------+-------+-------+-------++-------
Melee: Hand axe          |    75 |    75 |    13 |       |       |       ||   163
       War axe           |       |       |   214 |   411 |       |       ||   625
       Battleaxe         |       |       |       |   292 |   672 |    56 ||  1020
Invok: Berserk           |     2 |     4 |     4 |    18 |    10 |     1 ||    39
       Trog's Hand       |     1 |     3 |     8 |    21 |    13 |     9 ||    55
       Brothers in Arms  |       |       |       |     2 |     8 |       ||    10
Evoke: Wand              |       |       |     3 |       |    12 |       ||    15
  Use: Scroll            |     1 |       |     5 |     5 |     7 |     1 ||    19
       Potion            |       |       |       |       |    14 |     1 ||    15
 Stab: Petrified         |       |       |       |       |     1 |       ||     1
       Distracted        |       |       |       |       |     2 |       ||     2
  Eat: Chunk             |       |     5 |     9 |    30 |     9 |       ||    53
       Pizza             |       |       |     1 |       |       |       ||     1
       Beef jerky        |       |       |       |     2 |     1 |       ||     3
       Fruit             |       |       |       |       |     4 |       ||     4
       Bread ration      |       |       |       |       |     3 |     1 ||     4
